 Dungeon Sprint DCSS version 0.20-a0-208-g55166f7 (webtiles) character file.

28 Faca the Shield-Bearer (level 3, -2/31 HPs)
             Began as a Formicid Fighter on Nov 25, 2016.
             Was an Elder of the Shining One.
             Killed from afar by a deep elf mage (12 damage)
             ... with a bolt of magma
             ... in the Dungeon (Sprint VII: "The Pits").
             The game lasted 00:03:04 (407 turns).

Faca the Shield-Bearer (Formicid Fighter)            Turns: 407, Time: 00:03:04

Health: -2/31      AC: 10    Str: 20    XL:     3   Next: 27%
Magic:  3/3        EV:  8    Int:  7    God:    the Shining One [****..]
Gold:   0          SH: 10    Dex: 11    Spells: 2/2 levels left

rFire  . . .     SeeInvis +     j - +2 hand axe (freeze)
rCold  . . .     Gourm    .     h - +3 scale mail
rNeg   + + .     Faith    .     c - +0 shield
rPois  .         Spirit   .     (helmet unavailable)
rElec  .         Reflect  .     (no cloak)
rCorr  .         Harm     .     (no gloves)
MR     .....                    (no boots)
Stlth  ..........               (no amulet)
                                (no ring)
                                (no ring)

@: glowing
A: permanent stasis, dig shafts and tunnels, four strong arms, antennae 3
a: Dig, Divine Shield, Cleansing Flame, Renounce Religion


You were in the Dungeon.
You worshipped the Shining One.
The Shining One was greatly pleased with you.
You were not hungry.

You visited 1 branch

Inventory:

Hand Weapons
 j - a +2 hand axe of freezing (weapon)
Armour
 c - a +0 shield (worn)
 h - a +3 scale mail (worn)
Scrolls
 m - 3 scrolls of remove curse
 n - 5 scrolls of amnesia
 o - a scroll of summoning
Potions
 d - a potion of might
 e - 6 potions of curing
 i - 4 potions of magic
 k - 5 potions of heal wounds
Comestibles
 f - 8 bread rations
 p - 40 fruits
 q - 7 meat rations


   Skills:
 + Level 4.4 Fighting
 + Level 3.4 Axes
 + Level 4.8 Armour
 + Level 0.1 Dodging
 + Level 5.0 Shields


You had 2 spell levels left.
You didn't know any spells.

Dungeon Overview and Level Annotations

Branches:
Dungeon (1/1)

Altars:
Ashenzari
Cheibriados
Dithmenos
Elyvilon
Fedhas
Gozag
Hepliaklqana
Kikubaaqudgha
Makhleb
Nemelex Xobeh
Okawaru
Qazlal
Ru
Sif Muna
Trog
Uskayaw
Vehumet
Xom
Yredelemnul
Zin
The Shining One
Beogh
Jiyva
Lugonu


Innate Abilities, Weirdness & Mutations

You cannot be hasted, slowed, berserked, paralysed or teleported.
You can dig through walls and to a lower floor.
Your four strong arms can wield two-handed weapons with a shield.
You have a pair of large antennae on your head. (SInv)


Message History

You block the deep elf mage's attack.
The deep elf mage hits you but does no damage.
You hit the deep elf mage. You freeze the deep elf mage.
The deep elf mage is severely wounded.
You block the deep elf mage's attack.
You hit the deep elf mage. You freeze the deep elf mage.
The deep elf mage is severely wounded.
The deep elf mage gestures at you while chanting.
The stone arrow hits you! The Shining One protects you from harm!
Your shield prevents you from hitting the deep elf mage.
The deep elf mage is severely wounded.
The deep elf mage points at you and mumbles some strange words.
The stone arrow hits you!
Ouch! That really hurt!
You barely miss the deep elf mage.
The deep elf mage is severely wounded.
The deep elf mage gestures at you while chanting.
The bolt of magma hits you!
You die...

#..........÷'.....
#'#####÷#####.....
#.#...#.#[.##.....
#.#..÷#.#))#####'#
#.#...'.#))##.....
#.##'####).##.....
#.#..†..#[.##.....
#.#..†).#'###...<.
#@#........##.....
#e#........##.....
#s###########.....
#nz.....#{{ ######
#z..#...#{ #...#
z#{ { #.##. { #..
#. #..{ ..{


You could see a deep elf mage, a necrophage, 2 wights and a giant cockroach.

Vanquished Creatures
  A gnoll (D)
  A river rat (D)
  An orc (D)
  A ball python (D)
  A giant cockroach (D)
  A giant cockroach zombie (D)
  4 rats (D)
10 creatures vanquished.

Notes
Turn   | Place    | Note
-------+----------+-------------------------------------------
     0 | D        | Faca the Formicid Fighter began the quest for the Orb.
     0 | D        | Reached XP level 1. HP: 18/18 MP: 1/1
    77 | D        | Found a radiant altar of Vehumet.
    77 | D        | Found a hide-covered altar of Uskayaw.
    77 | D        | Found an ancient bone altar of Kikubaaqudgha.
    77 | D        | Found a viscous altar of Jiyva.
    77 | D        | Found a hazy altar of Hepliaklqana.
    78 | D        | Found a bloodstained altar of Trog.
    78 | D        | Found a deep blue altar of Sif Muna.
    78 | D        | Found a sacrificial altar of Ru.
    78 | D        | Found a stormy altar of Qazlal.
    78 | D        | Found an iron altar of Okawaru.
    78 | D        | Found a sparkling altar of Nemelex Xobeh.
    78 | D        | Found an opulent altar of Gozag.
    78 | D        | Found a blossoming altar of Fedhas.
    78 | D        | Found a white marble altar of Elyvilon.
    78 | D        | Found a shadowy altar of Dithmenos.
    78 | D        | Found a snail-covered altar of Cheibriados.
    79 | D        | Found a glowing golden altar of the Shining One.
    79 | D        | Found a glowing silver altar of Zin.
    80 | D        | Found a burning altar of Makhleb.
    80 | D        | Found a basalt altar of Yredelemnul.
    80 | D        | Found a roughly hewn altar of Beogh.
    81 | D        | Found a corrupted altar of Lugonu.
    81 | D        | Found a shimmering altar of Xom.
    81 | D        | Found a shattered altar of Ashenzari.
    86 | D        | Became a worshipper of the Shining One
   107 | D        | Reached * piety under the Shining One
   112 | D        | Reached skill level 4 in Shields
   122 | D        | Reached XP level 2. HP: 16/25 MP: 2/2
   230 | D        | Reached ** piety under the Shining One
   242 | D        | Reached skill level 5 in Shields
   242 | D        | Reached XP level 3. HP: 25/31 MP: 3/3
   322 | D        | Noticed a swamp dragon
   323 | D        | Noticed a redback
   390 | D        | Noticed a deep elf mage
   390 | D        | Noticed a necrophage
   390 | D        | Reached *** piety under the Shining One
   390 | D        | Noticed a wight
   391 | D        | Noticed a wight
   391 | D        | Reached **** piety under the Shining One
   396 | D        | Noticed a wight
   405 | D        | The Shining One protects you from harm!
   407 | D        | Killed from afar by a deep elf mage

Vault maps used:
D:        pitsprint

Skill      XL: |  1  2 |
---------------+-------+-----
Shields        | 4 5 |  5.0
Fighting       | 4 |  4.4
Armour         | 4 |  4.8
Axes           | 3 |  3.4
Dodging        | |  0.1

Action                   || total
-------------------------++-------
Melee: Hand axe          ||    38
       War axe           ||     3
  Use: Potion            ||     1
Armor: Scale mail        ||     8
Dodge: Dodged            ||     8
Block: Shield            ||    23
